 Dungeon Crawl Stone Soup version 0.30-a0-989-g0d87f670db (webtiles) character file.

Game seed: 9143692838872639768

624 Pimp the Chiller (level 7, -5/52 HPs)
             Began as a Barachi Ice Elementalist on Apr 3, 2023.
             Engulfed by a cloud of poison gas (8 damage)
             ... on level 4 of the Dungeon.
             The game lasted 00:16:20 (2614 turns).

Pimp the Chiller (Barachi Ice Elementalist)         Turns: 2614, Time: 00:16:20

Health: -5/52      AC:  7    Str:  6    XL:     7   Next: 47%
Magic:  12/12      EV: 12    Int: 17    God:
Gold:   283        SH:  0    Dex: 13    Spells: 6/13 levels left

rFire   + . .      SeeInvis .    d - +3 scimitar of the Dragonfly {freeze, rF+ Will+ rCorr Str-3}
rCold   . . .      Faith    .    (no shield)
rNeg    + . .      Spirit   .    c - +0 leather armour
rPois   .          Reflect  .    (no helmet)
rElec   .          Rampage  .    (no cloak)
rCorr   +                        (no gloves)
Will    +....                    (no boots)
Stlth   +                        (no amulet)
HPRegen 0.28/turn                o - +4 ring of protection
MPRegen 0.13/turn                s - ring of positive energy

@: confused, lethally poisoned (-5 -> -56), ambrosia-drunk, studying Staves,
slow
A: amphibious, slowness 1, strong legs 1, +LOS
a: Hop


You were on level 4 of the Dungeon.
You visited 1 branch of the dungeon, and saw 5 of its levels.

You collected 283 gold pieces.

Inventory:

Hand Weapons
 d - the +3 scimitar of the Dragonfly (weapon) {freeze, rF+ Will+ rCorr Str-3}
   (You acquired it on level 2 of the Dungeon)

   Str:       It affects your strength (-3).
   rF:        It protects you from fire.
   rCorr:     It protects you from acid and corrosion.
   Will:      It increases your willpower.
 f - a +0 spectral long sword
Missiles
 k - 2 atropa-tipped darts
 l - 5 poisoned darts (quivered)
Armour
 a - a +0 robe
 c - a +0 leather armour (worn)
Jewellery
 o - a +4 ring of protection (left hand)
 s - a ring of positive energy (right hand)
Potions
 b - a potion of magic
 e - a potion of haste {unknown}
 g - a potion of flight {unknown}
 i - a potion of mutation {unknown}
 m - 3 potions of berserk rage {unknown}
 n - a potion of degeneration {unknown}
 p - 2 potions of brilliance {unknown}
 q - a potion of might {unknown}


   Skills:
 + Level 3.3 Fighting
 + Level 3.6 Long Blades
 + Level 3.2 Armour
 + Level 4.1 Dodging
 - Level 2.0 Stealth
 + Level 3.7 Spellcasting
 + Level 6.2 Ice Magic


You had 6 spell levels left.
You knew the following spells:

 Your Spells              Type           Power      Damage    Failure   Level
a - Freeze                Ice            96%        1d10      1%          1
b - Frozen Ramparts       Ice            48%        1d8       6%          3
c - Ozocubu's Armour      Ice            24%        N/A       6%          3

Your spell library contained the following spells:

 Spells                   Type           Power      Damage    Failure   Level
 Summon Ice Beast         Ice/Summ       13%        N/A       56%         4


Dungeon Overview and Level Annotations

Branches:
Dungeon (5/15)
 Temple: D:4-7

Altars:
Dithmenos
Trog

Shops:
D:2 !

Annotations:
D:4 Robin


Innate Abilities, Weirdness & Mutations

You are amphibious.
You cover ground slowly.
You can hop short distances.
You have an extended range of vision and can be seen from far away.


Message History

You are frozen.
The goblin hits you but does no damage. The goblin hits you with a +0 dagger.
Robin throws the goblin at you! The goblin barely misses you.
The goblin hits you but does no damage.
The air fills with toxic fumes!
As you read the scroll labelled IRYUBU GADGH, it crumbles to dust.
It was a scroll of poison.
The goblin hits you but does no damage.
The endoplasm hits you but does no damage.
The goblin closely misses you.
A goblin breaks down the door.
The goblin closely misses you. The goblin barely misses you.
The goblin hits you but does no damage.
You barely miss the goblin. The goblin barely misses you.
The endoplasm freezes you.
You are frozen.
The goblin hits you with a +0 club. The goblin barely misses you.
Robin roars a battlecry!
The goblins go into a battle-frenzy!
The goblin hits you but does no damage. The goblin misses you.
You aren't carrying any scrolls.
Unknown command.
You are confused.
You feel invigorated. The goblin hits you but does no damage.
The endoplasm freezes you.
You are frozen.
The goblin misses you. The goblin hits you with a +0 dagger.
The goblin hits you with a +0 club. The goblin hits you but does no damage.
The goblin attacks as you move away! The goblin hits you but does no damage.
The endoplasm attacks as you move away! The endoplasm closely misses you.
The goblin attacks as you move away! The goblin hits you but does no damage.
You are engulfed in poison gas.
You are poisoned.
You feel very sick. The goblin completely misses you.
The goblin hits you but does no damage. The goblin barely misses you.
You bump into the rock wall.
You are engulfed in poison gas.
You are lethally poisoned!
* * * LOW HITPOINT WARNING * * *
x2 You feel extremely sick.
The goblin closely misses you. The goblin hits you with a +0 club.
* * * LOW HITPOINT WARNING * * *
You miss the goblin.
You are engulfed in poison gas.
You are more poisoned.
You die...

.....§§ .....§§
...<.g#####♣♣
.....§§☼§§§.♣♣
.....§..☼§#♣.♣♣♣♣♣♣♣
#######gg.☼#♣♣......♣♣♣♣
#.....ggJgg# ♣♣♣♣♣♣♣.♣..


#ggg☼# ♣♣.♣♣ #@§g§# ♣♣♣♣ #§§§§☼# ######§§☼.# #....#.§§§§ #....#...§☼.
#....#....§. #..(.# .... #...># ... #....# You could see Robin, an endoplasm, 2
hobgoblins and 8 goblins.

Vanquished Creatures
  Sigmund (D:3)
  A bullfrog (D:5)
  A scorpion (D:5)
  2 jellies (D:4)
  An orc priest (D:3)
  3 iguanas (D:4)
  An orc wizard (D:3)
  4 adders
  A worm (D:3)
  6 dart slugs
  9 orcs
  13 ball pythons
  7 endoplasms
  3 giant cockroaches
  8 goblins
  5 hobgoblins
  2 quokkas (D:2)
  6 bats
  5 frilled lizards
  3 kobolds
  3 rats
85 creatures vanquished.

Notes
Turn   | Place    | Note
-------+----------+-------------------------------------------
     0 | D:1      | Pimp the Barachi Ice Elementalist began the quest for the
                  | Orb.
     0 | D:1      | Reached XP level 1. HP: 13/13 MP: 3/3
   123 | D:1      | Reached XP level 2. HP: 19/19 MP: 1/5
   127 | D:1      | Reached skill level 5 in Ice Magic
   450 | D:1      | Reached XP level 3. HP: 24/24 MP: 3/6
   643 | D:2      | Found Lackos's Distillery.
   715 | D:2      | Reached skill level 1 in Armour
   737 | D:2      | Reached skill level 1 in Long Blades
   755 | D:2      | Found a shadowy altar of Dithmenos.
  1078 | D:2      | Learned a level 3 spell: Frozen Ramparts
  1082 | D:2      | Learned a level 3 spell: Ozocubu's Armour
  1238 | D:2      | Reached XP level 4. HP: 31/31 MP: 5/7
  1289 | D:2      | Identified a scroll of acquirement
  1289 | D:2      | Acquired the +3 scimitar of the Dragonfly {freeze, rF+
                  | Will+ rCorr Str-3}
  1434 | D:3      | Reached skill level 1 in Fighting
  1671 | D:3      | Found a faded altar of an unknown god.
  1677 | D:3      | Noticed Sigmund
  1691 | D:3      | You fall into a shaft and drop 2 floors!
  1691 | D:5      | Entered Level 5 of the Dungeon
  1691 | D:5      | Found a bloodstained altar of Trog.
  1707 | D:5      | Noticed a scorpion
  1708 | D:5      | Noticed a bullfrog
  1708 | D:5      | Noticed a water moccasin
  1715 | D:5      | Killed a scorpion
  1716 | D:5      | Reached XP level 5. HP: 33/38 MP: 5/9
  1778 | D:4      | Reached XP level 6. HP: 44/44 MP: 8/10
  2206 | D:3      | Killed Sigmund
  2207 | D:3      | Reached skill level 6 in Ice Magic
  2207 | D:3      | Reached XP level 7. HP: 36/52 MP: 5/12
  2603 | D:4      | Noticed Robin
  2614 | D:4      | Engulfed by a cloud of poison gas

Illustrated notes

Levels and vault maps discovered:
D:1:      dpeg_arrival_orchard, layout_rooms,
          hangedman_abyss_or_decor_lesser_grid
D:2:      wander_river, layout_basic, serial_shops, shop_coins, basic_altar
D:3:      layout_rooms, shapermc_ecumenical_altar_venn, uniq_sigmund
D:4:      kb_forest_paths, layout_gridville, minmay_manual_mandibuliform,
          uniq_robin
D:5:      layout_cave_pools, mainiacjoe_overflow_small_starburst,
          minmay_temple_entry_sparse_star, minmay_joined_circles,
          uniq_crazy_yiuf_cottage

Skill      XL: |  1  2  3  4  5  6  7 |
---------------+----------------------+-----
Stealth        | 2 |  2.0
Ice Magic      | 5 6 |  6.2
Armour         | 1 2 3 |  3.2
Long Blades    | 1 2 3 |  3.6
Fighting       | 1 2 3 |  3.3
Dodging        | 3 4 |  4.1
Spellcasting   | 3 |  3.7

Action                     |  1- 3 |  4- 6 |  7- 9 || total
---------------------------+-------+-------+-------++-------
  Melee: Unarmed           |     1 |       |       ||     1
         Long sword        |    32 |     1 |       ||    33
         Scimitar          |       |    49 |    34 ||    83
         Punch             |       |       |     1 ||     1
  Throw: Dart              |       |     7 |       ||     7
   Cast: Freeze            |    41 |    17 |     3 ||    61
         Frozen Ramparts   |       |     6 |     1 ||     7
    Use: Scroll            |       |     8 |     1 ||     9
         Potion            |       |     3 |     1 ||     4
   Stab: Sleeping          |     3 |       |       ||     3
 Armour: Leather armour    |    24 |    30 |    23 ||    77
  Dodge: Dodged            |    48 |    31 |    43 ||   122

Table legend: (Time is in decaauts)
 A = Elapsed time spent in this place.
 B = Non-inter-level travel time spent in this place.
 C = Inter-level travel time spent in this place.
 D = Time resting spent in this place.
 E = Time spent auto-exploring this place.
 F = Levels seen in this place.
 G = Mean time per level.
                   A        B        C        D        E       F      G
               +--------+--------+--------+--------+--------+-----+--------+
         Total |   2967 |   2804 |    163 |    414 |   1467 |   5 |  593.4 |
       Dungeon |   2967 |   2804 |    163 |    414 |   1467 |   5 |  593.4 |
               +--------+--------+--------+--------+--------+-----+--------+

Top non-repeatable levels by time:
     D:2: 1009 daAuts
     D:3: 865 daAuts
     D:1: 617 daAuts
     D:4: 389 daAuts
     D:5: 85 daAuts
